 Dungeon Crawl Stone Soup version 0.24.0-125-gc4c63601f3 (webtiles) character file.

Game seed: 11903977383544852081, levelgen mode: deterministic

12833 twino the Cleaver (level 11, -5/151 HPs)
             Began as a Minotaur Berserker on Mar 5, 2020.
             Was an Elder of Trog.
             Slain by Snorg (20 damage)
             ... on level 3 of the Lair of Beasts on Mar 9, 2020.
             The game lasted 00:49:00 (10847 turns).

twino the Cleaver (Minotaur Berserker)             Turns: 10847, Time: 00:49:01

Health: -5/151     AC: 19    Str: 37    XL:     11   Next: 67%
Magic:  13/13      EV: 12    Int:  4    God:    Trog [****..]
Gold:   969        SH:  5    Dex: 12    Spells: 10/10 levels left

rFire    + . .     SeeInvis .   V - +3 morningstar (flame)
rCold    x . .     Gourm    .   O - +0 buckler {AC+3}
rNeg     . . .     Faith    .   t - +0 plate armour
rPois    +         Spirit   .   (helmet restricted)
rElec    +         Reflect  .   F - +1 cloak
rCorr    .         Harm     .   (no gloves)
MR       +++++                  (no boots)
Stlth    ..........             (no amulet)
HPRegen  1.35/turn              I - ring "Fitesch" {Fire MR+++ Dex+3 Slay+2 Stlth-}
MPRegen  0.13/turn              K - ring of Sienev {rElec rPois Str+4}

@: berserking, starving, regenerating, very quick
A: retaliatory headbutt, horns 2, strong 1, wild magic 1
a: Berserk, Trog's Hand, Brothers in Arms, Renounce Religion


You were on level 3 of the Lair of Beasts.
You worshipped Trog.
Trog was greatly pleased with you.
You were starving.

You visited 2 branches of the dungeon, and saw 12 of its levels.
You also visited: Ossuary.

You collected 969 gold pieces.

Inventory:

Hand Weapons
 a - a +0 hand axe
 d - the +4 demon whip of Ocwau {vamp, +Rage +Inv Str-3}
   (You acquired it on level 2 of the Lair of Beasts)

   It inflicts no extra harm, but heals its wielder when it wounds a living foe.
   It affects your strength (-3).
   It lets you turn invisible.
   It lets you go berserk.
 V - a +3 morningstar of flaming (weapon)
Armour
 t - a +0 plate armour (worn)
 F - a +1 cloak (worn)
 O - a +0 buckler of protection (worn)
Jewellery
 b - an uncursed ring of magical power {unknown}
 f - a cursed ring of attention {unknown}
 r - an uncursed ring of protection from cold
 G - an uncursed amulet of regeneration
 I - the ring "Fitesch" (left hand) {Fire MR+++ Dex+3 Slay+2 Stlth-}
   (You took it off an orc on level 7 of the Dungeon)

   [ring of fire]

   It enhances your fire magic.
   It affects your dexterity (+3).
   It affects your accuracy and damage with ranged weapons and melee attacks
   (+2).
   It protects you from fire.
   It makes you vulnerable to cold.
   It affects your resistance to hostile enchantments.
   It makes you less stealthy.
 K - the ring of Sienev (right hand) {rElec rPois Str+4}
   (You found it on level 7 of the Dungeon)

   [ring of poison resistance]

   It affects your strength (+4).
   It insulates you from electricity.
   It protects you from poison.
 R - a cursed +4 ring of evasion {unknown}
 S - an uncursed ring of flight {unknown}
Wands
 E - a wand of flame (10)
 H - a wand of iceblast (4)
 M - a wand of paralysis (6)
Scrolls
 g - a scroll of fear
 h - 11 scrolls of teleportation
 i - 7 scrolls of remove curse
 k - 2 scrolls of magic mapping
 n - 4 scrolls of immolation
 v - a scroll of enchant weapon
 y - a scroll of enchant armour
 C - a scroll of blinking
Potions
 e - 3 potions of cancellation
 j - 2 potions of flight
 m - 10 potions of curing
 o - 3 potions of invisibility
 s - 2 potions of magic
 u - a potion of lignification
 w - 5 potions of heal wounds
 z - 6 potions of agility
 A - 3 potions of haste
 U - a potion of might
Comestibles
 c - 23 rations


   Skills:
 + Level 10.4 Fighting
 * Level 11.4(12.5) Axes
 - Level 8.9(11.3) Maces & Flails
 + Level 9.7 Armour
 + Level 7.5 Dodging
 - Level 1.0 Stealth
 - Level 4.0 Shields
 - Level 5.0 Evocations


You had 10 spell levels left.
You didn't know any spells.
Your spell library was empty.

Dungeon Overview and Level Annotations

Branches:
Dungeon (9/15)             Temple (0/1) D:4            Lair (3/6) D:9
  Swamp (0/4) Lair:2      Ossuary (visited)
  Snake: Lair:2-4    Spider: Lair:2-4       Orc: D:9-12

Altars:
Fedhas
Makhleb
Nemelex Xobeh

Shops:
D:8 }

Annotations:
Lair:3 Snorg


Innate Abilities, Weirdness & Mutations

You reflexively headbutt those who attack you in melee.
You have a pair of horns on your head.
Your muscles are strong. (Str +2)
Your spells are a little harder to cast, but a little more powerful.


Message History

The crocodile dies!
Trog accepts your kill. Snorg bites you but does no damage.
You block Snorg's attack. Snorg claws you. Snorg bites your ogre!!
Snorg barely misses your ogre. Snorg claws your ogre!!
Your ogre dies!
Your ogre's corpse disappears in a puff of smoke!
Snorg bites you!!
* * * LOW HITPOINT WARNING * * *
Snorg claws you but does no damage. Snorg claws you.
* * * LOW HITPOINT WARNING * * *
A red film seems to cover your vision as you go berserk!
You feel yourself moving faster!
You feel mighty!
You are starving!
Snorg barely misses you. Snorg claws you!
* * * LOW HITPOINT WARNING * * *
Snorg claws you but does no damage.
You bludgeon Snorg!! You burn Snorg! You headbutt Snorg!
Snorg is almost dead.
Snorg bites you!!
You die...

##.........# ^+
#P..####.P## .# . ##..#
#...######.## ..
..##..###..##.......#...
....§.#....†.......P#...
...P.........#......P...
....§..##...##..........
...#...##..###..T....#.
......###..# #..@....###
#.##..####.###P†<.......
.. .....................
. ......................
.......................
#.......................
.##...##....#........
#..# #..P#.#....... #.#.
#....##...##.#


You could see Snorg (berserk).

Vanquished Creatures
  A hydra (Lair:2)
  The ghost of Kagalorn the Magician, a journeyman GnWn of Gozag (Lair:1)
  Erica (D:8)
  A tengu warrior (D:8)
  The ghost of SnubMonkey the Martial Artist, a novice GnTm of Okawaru (D:7)
  A komodo dragon (Lair:1)
  A slime creature (D:7)
  2 hippogriffs
  Sigmund (D:5)
  A wyvern (D:5)
  A hungry ghost (D:8)
  18 yaks
  2 basilisks (Lair:1)
  3 water moccasins
  A swamp worm (Lair:2)
  A porcupine (Lair:2)
  An ice beast (D:5)
  2 orc warriors
  10 ogres
  A phantom (D:4)
  2 wolves (Lair:1)
  6 centaurs
  3 crocodiles
  A big kobold (D:6)
  A wyvern zombie (D:9)
  8 bullfrogs
  3 scorpions
  4 howler monkeys
  3 bullfrog zombies
  3 crimson imps
  2 centaur zombies
  3 orc priests
  Crazy Yiuf (D:2)
  A bullfrog skeleton (D:6)
  3 hounds
  4 jellies
  Jessica (D:2)
  A centaur skeleton (D:8)
  An iguana (D:6)
  5 orc wizards
  5 worker ants
  2 big kobold zombies (Ossuary)
  A hound zombie (D:7)
  8 mummies (Ossuary)
  A howler monkey zombie (D:6)
  8 adders
  8 gnolls
  A shadow imp (D:9)
  An adder zombie (D:9)
  2 oozes
  3 worms
  A dart slug (D:5)
  3 leopard geckos
  18 orcs
  A ball python (D:3)
  5 giant cockroaches
  2 goblins (D:2)
  8 hobgoblins
  16 jackals
  3 quokkas
  6 bats
  5 frilled lizards
  A hobgoblin zombie (Ossuary)
  A jackal zombie (D:5)
  13 kobolds
  3 kobold zombies (Ossuary)
  2 leopard gecko skeletons
  2 orc zombies (Ossuary)
  A quokka skeleton (D:4)
  A quokka zombie (D:9)
  10 rats
249 creatures vanquished.

Vanquished Creatures (collateral kills)
  A hydra (Lair:1)
  An efreet (D:7)
  A crocodile (Lair:3)
  A big kobold (D:7)
  A plant (Lair:1)
5 creatures vanquished.

Vanquished Creatures (others)
  7 plants
7 creatures vanquished.

Grand Total: 261 creatures vanquished

Notes
Turn   | Place    | Note
-------+----------+-------------------------------------------
     0 | D:1      | twino the Minotaur Berserker began the quest for the Orb.
     0 | D:1      | Reached XP level 1. HP: 19/19 MP: 0/0
   103 | D:1      | Reached XP level 2. HP: 27/27 MP: 1/1
   214 | D:1      | Reached skill level 4 in Axes
   726 | D:2      | Reached XP level 3. HP: 22/33 MP: 2/2
   921 | D:2      | Reached XP level 4. HP: 41/41 MP: 3/3
   939 | D:2      | Reached ** piety under Trog
  1079 | D:2      | Noticed an ogre
  1090 | D:2      | Killed an ogre
  1090 | D:2      | Reached skill level 5 in Axes
  1090 | D:2      | Reached XP level 5. HP: 4/47 MP: 4/4
  1461 | D:2      | Found a runed translucent door.
  1462 | D:2      | Noticed Crazy Yiuf
  1470 | D:2      | Killed Crazy Yiuf
  1470 | D:2      | Reached skill level 5 in Fighting
  1574 | D:2      | Noticed Jessica
  1588 | D:2      | Killed Jessica
  1842 | D:2      | Found a blossoming altar of Fedhas.
  2017 | D:3      | Found a burning altar of Makhleb.
  2039 | D:3      | Reached XP level 6. HP: 37/56 MP: 5/5
  2043 | D:3      | Reached skill level 1 in Maces & Flails
  2452 | D:3      | Reached skill level 1 in Stealth
  2610 | D:4      | Reached *** piety under Trog
  2808 | D:4      | Reached XP level 7. HP: 57/61 MP: 6/6
  2874 | D:4      | Found a staircase to the Ecumenical Temple.
  3070 | D:4      | Noticed a hippogriff
  3082 | D:4      | Killed a hippogriff
  3082 | D:4      | Reached skill level 5 in Maces & Flails
  3302 | D:5      | Entered Level 5 of the Dungeon
  3363 | D:5      | Found a sand-covered staircase.
  3383 | Ossuary  | Entered an ossuary
  3612 | Ossuary  | Reached XP level 8. HP: 56/70 MP: 7/7
  3855 | D:5      | Noticed Sigmund
  3874 | D:5      | Killed Sigmund
  3874 | D:5      | Reached skill level 5 in Armour
  4566 | D:6      | Reached **** piety under Trog
  4617 | D:6      | Found a sparkling altar of Nemelex Xobeh.
  4796 | D:6      | Reached XP level 9. HP: 64/79 MP: 8/8
  5292 | D:6      | Reached skill level 6 in Axes
  5584 | D:7      | Reached skill level 1 in Evocations
  5927 | D:7      | Found a runed translucent door.
  5952 | D:7      | Reached ***** piety under Trog
  5954 | D:7      | Noticed an efreet
  5974 | D:7      | Reached skill level 7 in Axes
  5983 | D:7      | Killed an efreet
  6226 | D:7      | Identified the ring "Fitesch" {Fire MR+++ Dex+3 Slay+2
                  | Stlth-}
  6262 | D:7      | Reached skill level 5 in Dodging
  6277 | D:7      | Got a crude lead ring
  6288 | D:7      | Got a faintly glowing granite ring
  6289 | D:7      | Identified the ring "Ibacvoe" {rPois rN+ MR+ Int+3 Dex-3}
                  | (You found it on level 7 of the Dungeon)
  6291 | D:7      | Identified the ring of Sienev {rElec rPois Str+4} (You
                  | found it on level 7 of the Dungeon)
  6294 | D:7      | Got a steaming marble ring
  6313 | D:7      | Identified the ring "Laocsoo" {*Corrode rPois rC+ SInv
                  | Stlth+} (You found it on level 7 of the Dungeon)
  6408 | D:7      | Noticed SnubMonkey's ghost (novice GnTm)
  6418 | D:7      | Found a runed translucent door.
  6442 | D:7      | Killed SnubMonkey's ghost
  6442 | D:7      | Reached skill level 8 in Axes
  6442 | D:7      | Reached XP level 10. HP: 82/90 MP: 9/11
  6719 | D:8      | Noticed a tengu warrior
  6744 | D:8      | Killed a tengu warrior
  6744 | D:8      | Reached skill level 9 in Axes
  6910 | D:8      | Found Mirata's Gadget Boutique.
  7049 | D:8      | Reached skill level 1 in Shields
  7070 | D:8      | Noticed Erica
  7094 | D:8      | Killed Erica
  7809 | D:9      | Found a staircase to the Lair.
  8134 | Lair:1   | Entered Level 1 of the Lair of Beasts
  8261 | Lair:1   | Reached skill level 10 in Axes
  8279 | Lair:1   | Reached XP level 11. HP: 74/99 MP: 13/13
  8457 | Lair:1   | Received a gift from Trog
  8501 | Lair:1   | Found a runed translucent door.
  8501 | Lair:1   | Noticed Kagalorn's ghost (journeyman GnWn)
  8509 | Lair:1   | Got a translucent leather armour
  8520 | Lair:1   | Identified the +1 leather armour of Indecent Exposure
                  | {Int+5} (You found it on level 1 of the Lair of Beasts)
  8545 | Lair:1   | Killed Kagalorn's ghost
  8816 | Lair:1   | Reached skill level 10 in Fighting
  9170 | Lair:2   | Gained mutation: Your muscles are strong. (Str +2) [potion
                  | of mutation]
  9170 | Lair:2   | Gained mutation: Your spells are a little harder to cast,
                  | but a little more powerful. [potion of mutation]
  9295 | Lair:2   | Noticed an eight-headed hydra
  9353 | Lair:1   | Killed an eight-headed hydra
  9989 | Lair:2   | Reached skill level 11 in Axes
 10288 | Lair:2   | Noticed a five-headed hydra
 10298 | Lair:2   | Killed a five-headed hydra
 10298 | Lair:2   | Reached skill level 5 in Evocations
 10432 | Lair:2   | Found a staircase to the Swamp.
 10576 | Lair:2   | Identified a scroll of acquirement
 10578 | Lair:2   | Got a bloodstained demon whip
 10579 | Lair:2   | Identified the +4 demon whip of Ocwau {vamp, +Rage +Inv
                  | Str-3} (You acquired it on level 2 of the Lair of Beasts)
 10822 | Lair:3   | Noticed Snorg
 10847 | Lair:3   | Slain by Snorg

Levels and vault maps discovered:
D:1:      evilmike_arrival_run_for_it, layout_loops_cross
D:2:      layout_loops_ring, fedhas_altar_fruit_tree, uniq_crazy_yiuf_cottage,
          uniq_jessica
D:3:      layout_rooms, minmay_misc_feat_enclosed, grunt_ministairs_1,
          bloody_makhleb
D:4:      layout_basic, minmay_temple_entry_waves, minmay_manual_mullet
D:5:      layout_cave_pools, enter_ossuary_3, first_ration, uniq_sigmund
D:6:      minmay_klotski, layout_rooms, lemuel_doored_altar,
          lexackson_kobold_supper
D:7:      minmay_the_grid_triangle_9x9_recursive_2
          [minmay_the_grid_triangle_9x9_prize_special,
          minmay_the_grid_triangle_9x9_zippers_horizontal,
          minmay_the_grid_triangle_9x9_subtriangle,
          minmay_the_grid_triangle_9x9_swiss_cheese], layout_rooms,
          hellmonk_ghost_happy_afterlife, grunt_decor_mini_mirrors
D:8:      layout_gridville, serial_shops,
          nicolae_shop_temple_entry_statues_fountains, uniq_erica
D:9:      layout_small_grid, lair_entry_dummy
Lair:1:   layout_gridlike, ebering_ghost_inner_flame, beast_lair_carwin_8
Lair:2:   layout_regular_city, palyth_hydra_swamp_entry
Lair:3:   layout_regular_city, nicolae_spider_entry_non_spiders,
          hangedman_lair_generics_rect, grunt_megastairs_3, uniq_snorg

Skill      XL: |  1  2  3  4  5  6  7  8  9 10 11 |
---------------+----------------------------------+-----
Fighting       | 4 5 7 8 9 10 | 10.4
Axes           | 4 5 8 10 11 | 11.4
Armour         | 3 4 6 7 8 9 |  9.7
Dodging        | 3 4 5 6 7 |  7.5
Maces & Flails | 4 6 8 |  8.9
Stealth        | 1 |  1.0
Evocations     | 2 4 5 |  5.0
Shields        | 2 4 |  4.0

Action                   |  1- 3 |  4- 6 |  7- 9 | 10-12 || total
-------------------------+-------+-------+-------+-------++-------
Melee: Hand axe          |    65 |    45 |       |       ||   110
       Headbutt          |     8 |    31 |    91 |    79 ||   209
       Whip              |       |   106 |   377 |   225 ||   708
       Morningstar       |       |       |       |    74 ||    74
Invok: Trog's Hand       |       |     1 |       |     2 ||     3
       Berserk           |       |       |     1 |     1 ||     2
       Brothers in Arms  |       |       |     1 |     5 ||     6
  Use: Scroll            |       |       |       |    22 ||    22
       Potion            |       |       |       |     4 ||     4
 Stab: Sleeping          |     1 |       |       |       ||     1
  Eat: Chunk             |       |     6 |    10 |    14 ||    30
       Ration            |       |       |     1 |     1 ||     2
Armor: Animal skin       |    11 |       |       |       ||    11
       Ring mail         |    12 |    15 |       |       ||    27
       Leather armour    |       |    13 |       |       ||    13
       Plate armour      |       |    11 |   105 |   112 ||   228
Dodge: Dodged            |    29 |    73 |    92 |   107 ||   301
Block: Buckler           |       |       |       |    28 ||    28
